 Adventure DCSS version bcrawl-1.32 (webtiles) character file.

Game seed: 16467478353686184

38665 Leeroy the Slasher (level 1, 12/12 HPs)
             Began as a Skeleton Skald on Aug 3, 2021.
             Quit the game on level 1 of the Dungeon.
             The game lasted 00:01:00 (503 turns).

Leeroy the Slasher (Skeleton Skald)                  Turns: 503, Time: 00:01:01

Health: 12/12      AC:  3    Str: 17    XL:     1   Next: 25%
Magic:  4/4        EV: 12    Int: 11    God:
Gold:   24         SH:  0    Dex:  8    Spells: 5/6 levels left
                                        Lives:  1   Deaths: 1

rFire    . . .     SeeInvis .   a - +0 long sword
rCold    + . .     Gourm    .   (no shield)
rNeg     + + +     Faith    .   b - +0 leather armour
rPois    ∞         Spirit   +   (no helmet)
rElec    .         Reflect  .   (no cloak)
rCorr    .         Harm     .   (no gloves)
MR       .....                  (no boots)
Stlth    +.........             (no amulet)
HPRegen  0.04/turn              (no ring)
MPRegen  0.09/turn              (no ring)

@: no status effects
A: no food or potions, cold resistance 1, deterioration 1, negative energy
resistance 3, torment resistance, unbreathing, magic shield, sturdy frame 1,
spell healing
a: no special abilities


You were on level 1 of the Dungeon.
You were not hungry.

You visited 1 branch of the dungeon, and saw 1 of its levels.

You collected 24 gold pieces.

Inventory:

Hand Weapons
 a - a +0 long sword (weapon)
Armour
 b - a +0 leather armour (worn)
Scrolls
 c - a scroll of remove curse {unknown}
 d - a scroll of fear
 i - a scroll of identify


   Skills:
 - Level 2.0 Fighting
 + Level 3.6 Long Blades
 - Level 1.1 Armour
 - Level 2.0 Dodging
 - Level 3.0 Spellcasting
 - Level 3.2 Charms


You had 5 spell levels left.
You knew the following spells:

 Your Spells              Type           Power        Failure   Level  Hunger
a - Infusion              Chrm           #.......     7%          1    N/A

Your spell library contained the following spells:

 Spells                   Type           Power        Failure   Level  Hunger
 Song of Slaying          Chrm           #.......     11%         2    N/A
 Swiftness                Chrm/Air       #.......     22%         2    N/A
 Ozocubu's Armour         Chrm/Ice       #.......     38%         3    N/A
 Spectral Weapon          Hex/Chrm       #.......     38%         3    N/A
 Regeneration             Chrm/Necr      Unusable     N/A         3    N/A

Dungeon Overview and Level Annotations

Branches:
Dungeon (1/12)

Altars:


Innate Abilities, Weirdness & Mutations

You do not eat or drink.
You are immune to poison.
Your flesh is cold resistant. (rC+)
Your body sometimes deteriorates upon taking damage.
You are immune to negative energy. (rN+++)
You are immune to unholy pain and torment.
You can survive without breathing.
When hurt, damage is shared between your health and your magic reserves.
Your movements are slightly less encumbered by armour. (ER -2)
Casting spells heals you.


Message History

The jackal bites you but does no damage.
The rat bites you.
You barely miss the jackal.
The jackal is moderately wounded.
The jackal barely misses you. The rat barely misses you. The jackal misses you.
New annotation for D:1 (include '!' for warning):
Okay, then.
You closely miss the jackal.
The jackal is moderately wounded.
The rat misses you. The jackal misses you.
You closely miss the jackal.
The jackal is moderately wounded.
The jackal bites you. The rat bites you.
You die...
The jackal barely misses you.
Xom reaches out...
You are now level 1!
You rejoin the land of the living...
Unknown command.
Are you sure you want to abandon this character and quit the game? (Confirm with "yes".)

#.# ..... #.# ....... ### #
#.# ...# #.###### ###.#
#..# #....... #...#
#..########.#####. #.#.#
#..##.......### ##
#'########..##.#####.#.####
#..###..........# #.......
#....#####@.###.# #.#.####
#....# #.....##.#########.#
#'#≈.# #.#.............##.#
#.##'# #.#......######....#
#.#..###.###.##.# ######
#............##.# #
###############.# # #.. .
### #


There were no monsters in sight!

Vanquished Creatures
  A dart slug (D:1)
  2 leopard geckos (D:1)
  3 jackals (D:1)
  A bat (D:1)
  3 rats (D:1)
10 creatures vanquished.

Notes
Turn   | Place    | Note
-------+----------+-------------------------------------------
     0 | D:1      | Leeroy the Skeleton Skald began the quest for the Orb.
     0 | D:1      | Reached XP level 1. HP: 12/12 MP: 4/4
   456 | D:1      | Reached XP level 2. HP: 17/17 MP: 6/6
   502 | D:1      | Slain by a rat
   503 | D:1      | Reached XP level 1. HP: -2/12 MP: 0/4
   503 | D:1      | Quit the game

Skill      XL: |  1 |
---------------+----+-----
Long Blades    | 3 |  3.6
Fighting       | |  2.0
Armour         | |  1.1
Dodging        | |  2.0
Spellcasting   | |  3.0
Charms         | |  3.2

Action                   || total
-------------------------++-------
Melee: Long sword        ||    48
Armor: Leather armour    ||    17
Dodge: Dodged            ||    65
